 Dungeon Sprint DCSS version 0.31-a0-16-g6d2539766c (webtiles) character file.

Game seed: 10529651148174052039

2416 ytrimaz the Blocker (level 9, -3/51 HPs)
             Began as a Gargoyle Fighter on May 8, 2023.
             Was an Elder of Okawaru.
             Slain by a skeletal warrior
             ... wielding a +0 dire flail
              (17 damage)
             ... in the Dungeon (Sprint V: "Ziggurat Sprint").
             The game lasted 00:02:15 (385 turns).

ytrimaz the Blocker (Gargoyle Fighter)               Turns: 385, Time: 00:02:16

Health: -3/51      AC: 35    Str: 32    XL:     9   Next: 47%
Magic:  7/14       EV:  5    Int:  9    God:    Okawaru [****..]
Gold:   0          SH: 32    Dex: 13    Spells: 8/8 levels left

rFire   . . .        G - +6 war axe (flame)
rCold   . . .        E - +18 shield of the Gong {Loud rN+ Will+ rCorr EV-5}
rNeg    + + .        D - +15 Maxwell's patent armour {-Cast -Tele rElec Will+ rCorr}
rPois   ∞            (no helmet)
rElec   +            (no cloak)
rCorr   +            (no gloves)
SInv    .            (no boots)
Will    ++...        r - amulet of the acrobat Stlth
                     A - +6 ring of strength
HPRegen 0.28/turn    B - +6 ring of strength
MPRegen 0.14/turn

%: no teleportation, no spellcasting, acrobat
@: heroic, corroded
A: sickness immunity, AC +6, negative energy resistance 1, electricity
resistance, torment resistance 1, petrification resistance
a: Renounce Religion, Heroism, Finesse


You were in the Dungeon.
You worshipped Okawaru.
Okawaru was greatly pleased with you.
You visited 1 branch


Innate Abilities, Weirdness & Mutations

You are immune to sickness and miasma.
Your stone body is resilient. (AC +6)
You are immune to poison.
You resist negative energy. (rN+)
You are resistant to electric shocks. (rElec)
You are resistant to unholy torment.
You are immune to petrification.


   Skills:
 - Level 3.6(8.6) Fighting
 + Level 11.4(16.4) Axes
 + Level 12.4(17.4) Armour
 + Level 13.5(18.5) Shields
 - Level 7.0 Invocations


You had 8 spell levels left.
You didn't know any spells.
Your spell library contained the following spells:

 Spells                   Type           Power      Damage    Failure   Level
 Kiss of Death            Conj/Necr      0%         2d5       91%         1
 Confusing Touch          Hex            0%         N/A       100%        3
 Inner Flame              Hex/Fire       0%         N/A       100%        3
 Vhi's Electric Charge    Tloc/Air       0%         N/A       100%        3
 Dispel Undead            Necr           0%         3d6       100%        4
 Flame Wave               Conj/Fire      0%         2d4       100%        4
 Sticky Flame             Conj/Fire      0%         2d3       100%        4
 Arcjolt                  Conj/Air       0%         1d10      100%        5
 Plasma Beam              Fire/Air       0%         2x1d11    100%        6

Inventory:

Hand Weapons
 a - a +0 war axe
 c - a +5 broad axe
   (You found it in the Dungeon)
 G - a +6 war axe of flaming (weapon)
   (You found it in the Dungeon)
Armour
 b - a +0 scale mail
 D - the +15 Maxwell's patent armour (worn) {-Cast -Tele rElec Will+ rCorr}
   (You found it in the Dungeon)

   rElec:     It insulates you from electricity.
   -Cast:     It prevents spellcasting.
   -Tele:     It prevents most forms of teleportation.
   rCorr:     It protects you from acid and corrosion.
   Will:      It increases your willpower.
 E - the +18 shield of the Gong (worn) {Loud rN+ Will+ rCorr EV-5}
   (You found it in the Dungeon)

   Loud:      It is deafeningly noisy when blocking attacks.
   EV:        It affects your evasion (-5).
   rN:        It protects you from negative energy.
   rCorr:     It protects you from acid and corrosion.
   Will:      It increases your willpower.
Jewellery
 r - an amulet of the acrobat (around neck)
   (You found it in the Dungeon)
 v - a ring of flight
   (You found it in the Dungeon)
 w - a +6 ring of dexterity
   (You found it in the Dungeon)
 x - a +6 ring of dexterity
   (You found it in the Dungeon)
 y - a +6 ring of intelligence
   (You found it in the Dungeon)
 z - a +6 ring of intelligence
   (You found it in the Dungeon)
 A - a +6 ring of strength (left hand)
   (You found it in the Dungeon)
 B - a +6 ring of strength (right hand)
   (You found it in the Dungeon)
 F - a +6 ring of strength
   (You found it in the Dungeon)
Wands
 s - a wand of mindburst (7)
   (You found it in the Dungeon)
 t - a wand of iceblast (7)
   (You found it in the Dungeon)
 u - a wand of light (7)
   (You found it in the Dungeon)
 C - a wand of digging (5)
   (You found it in the Dungeon)
Scrolls
 j - 4 scrolls of blinking
 k - 4 scrolls of amnesia
 l - 7 scrolls of fog
 m - 5 scrolls of identify
 n - 2 scrolls of fear
Potions
 d - 6 potions of might
 e - 10 potions of curing
 f - 9 potions of heal wounds
 g - 6 potions of haste
 h - 7 potions of magic
 i - 3 potions of berserk rage
 o - 2 potions of brilliance
 p - 2 potions of invisibility
 q - 4 potions of resistance

Dungeon Overview and Level Annotations

Branches:
Dungeon (1/1) Zot: 27000

Altars:
Ashenzari
Cheibriados
Dithmenos
Elyvilon
Fedhas
Gozag
Hepliaklqana
Kikubaaqudgha
Makhleb
Nemelex Xobeh
Okawaru
Qazlal
Ru
Sif Muna
Trog
Uskayaw
Vehumet
Wu Jian
Xom
Yredelemnul
Zin
The Shining One
Jiyva
Lugonu

Annotations:
D 1 transporter

▓▓▓▓▓▓▓▓▓▓▓▓▓▓▓▓▓▓▓
▓..8©8..▓ ▓../|)..▓
▓..:||..▓ ▓.......▓
▓.......▓ ▓...&...▓
▓..Bzc..▓ ▓..p@C..▓
▓..o§p..▓ ▓▓▓▓▓▓▓▓▓


You could see Egecaduf (strong), a stone giant, a yaktaur captain, a vault
guard, an entropy weaver, a skeletal warrior, an ironbound convoker and an orc
warrior.


Message History

You are too injured to fight recklessly! 😮 HP[+1]
You slice the ironbound preserver!! You burn the ironbound preserver.
You slash the vault guard! You burn the vault guard.
You hit the yaktaur captain. You burn the yaktaur captain.
You slice the stone giant!! You burn the stone giant. You miss something.
You hit the entropy weaver but do no damage.
You kill the ironbound preserver!
Okawaru is honoured by your kill.
Okawaru will now gift you throwing weapons as you gain piety.
You can now speed up your combat.
You block the yaktaur captain's attack.
GONNNNG!
Egecaduf gestures at you. You resist with almost no effort.
You block the vault guard's attack.
GONNNNG!
You block the entropy weaver's attack.
GONNNNG!
You block the entropy weaver's attack.
GONNNNG!
You block the entropy weaver's attack.
GONNNNG!
The entropy weaver hits you but does no damage.
The stone giant hits you but does no damage.
Training target 7.0 for Invocations reached!
Your base Axes skill increases to level 11!
Your base Armour skill increases to level 12!
Your base Shields skill increases to level 13!
Your Invocations skill gained 4 levels and is now at level 7!
You are too injured to fight recklessly!
You barely miss the skeletal warrior. You miss something.
You hit the yaktaur captain. You burn the yaktaur captain.
You slash the stone giant! You burn the stone giant!
You barely miss the entropy weaver. You barely miss the vault guard.
You block the yaktaur captain's attack.
GONNNNG!
You slash the skeletal warrior! You burn the skeletal warrior!
You closely miss the vault guard. You slash something! You burn something!
You barely miss the yaktaur captain. You hit the stone giant.
You burn the stone giant. You hit the entropy weaver.
You burn the entropy weaver.
The entropy weaver casts a spell at you.
The entropic weave corrodes you! The stone giant barely misses you.
Egecaduf sneers, "Thy mind shall be my refection!"
The skeletal warrior hits you but does no damage.
Something hits you but does no damage. You block the vault guard's attack.
GONNNNG!
You block the yaktaur captain's attack.
PTOANNNG!
You are too injured to fight recklessly!
You barely miss the skeletal warrior. You hit the yaktaur captain.
You burn the yaktaur captain. You slash the stone giant!
You burn the stone giant.
You hit the ironbound convoker but do no damage.
You slash the entropy weaver! You burn the entropy weaver.
You hit the vault guard but do no damage.
You hit the orc warrior. You burn the orc warrior.
You hit something but do no damage.
The entropy weaver hits you but does no damage.
You block the entropy weaver's attack.
GONNNNG!
The entropy weaver hits you!
* * * LOW HITPOINT WARNING * * *
You block the entropy weaver's attack.
GONNNNG!
You block the ironbound convoker's attack.
PTOANNNG!
The stone giant hits you.
* * * LOW HITPOINT WARNING * * *
The vault guard hits you with a +2 long sword.
* * * LOW HITPOINT WARNING * * *
The orc warrior barely misses you.
The skeletal warrior hits you but does no damage.
You hear some strange, mumbled words.
You are too injured to fight recklessly!
Unknown command. 😨 HP[-14]
You take 14 damage, and now have 15/51 hp.
MASSIVE DAMAGE!! (PAUSE)
You hit the skeletal warrior. You burn the skeletal warrior.
You closely miss the orc warrior. You hit the yaktaur captain.
You burn the yaktaur captain. You hit the stone giant.
You burn the stone giant.
You hit the ironbound convoker but do no damage.
You closely miss the entropy weaver. You hit the vault guard.
You burn the vault guard. You block the yaktaur captain's attack.
GONNNNG!
The entropy weaver hits you but does no damage.
You block the entropy weaver's attack.
PANG!
You block the entropy weaver's attack.
GONNNNG!
You block the entropy weaver's attack.
BONNNG!
The vault guard hits you with a +2 long sword.
* * * LOW HITPOINT WARNING * * *
You block the orc warrior's attack.
PTOANNNG!
The skeletal warrior hits you with a +0 dire flail!
You die...

Skill      XL: |  1  2  3  4  5  6  7  8  9 |
---------------+----------------------------+-----
Axes           | 5 6 7 9 10 11 | 11.4
Shields        | 6 8 9 11 12 13 | 13.5
Armour         | 5 6 7 10 11 12 | 12.4
Invocations    | 3 7 |  7.0
Fighting       | |  3.6

Action                     |  1- 3 |  4- 6 |  7- 9 || total
---------------------------+-------+-------+-------++-------
  Melee: Broad axe         |     9 |    16 |       ||    25
         War axe           |       |       |    29 ||    29
 Invoke: Heroism           |       |     1 |     3 ||     4
    Use: Potion            |     1 |     1 |       ||     2
 Armour: Plate armour      |    28 |     7 |    17 ||    52
  Dodge: Dodged            |       |     1 |     5 ||     6
  Block: Kite shield       |    24 |    32 |    57 ||   113

Levels and vault maps discovered:
D:        sprint_v [room_start, room_1, room_2, room_3, room_4, room_5, room_6,
          room_7, room_8, room_9, room_10, room_11, room_12, room_13, room_14,
          room_15, room_16, room_17, room_18, room_19, room_20, room_21,
          room_22, room_23, room_24, room_25, room_26, room_27]

Notes
Turn   | Place    | Note
-------+----------+-------------------------------------------
     0 | D        | ytrimaz the Gargoyle Fighter began the quest for the Orb.
     0 | D        | Reached XP level 1. HP: 14/14 MP: 1/1
     0 | D        | magus.rc [v1.9.6]
     0 | D        | Found a blossoming altar of Fedhas.
     0 | D        | Found the +6 Majin-Bo {spellvamp, MP+6 Int+6}
     0 | D        | Found the +27 heavy crossbow "Sniper" {heavy, Acc+∞ SInv}
     0 | D        | Found the +10 dark maul {heavy}
     0 | D        | Found the +15 Maxwell's patent armour {-Cast -Tele rElec
                  | Will+ rCorr}
     0 | D        | Found the +18 shield of the Gong {Loud rN+ Will+ rCorr
                  | EV-5}
     0 | D        | Found the +16 obsidian axe {drain, demonic, Mesm Drain Fly
                  | SInv}
     0 | D        | Found the +7 great mace "Firestarter" {flame, immolate,
                  | rFlCloud rF++}
     0 | D        | Found the +6 shillelagh "Devastator" {shatter}
     0 | D        | Found the +11 plutonium sword {Contam Stlth-}
     0 | D        | Found the +8 lance "Wyrmbane" {slay drac, rPois rF+ rC+
                  | AC+3}
     0 | D        | Found the +9 sword of Zonguldrok {reap}
     0 | D        | Found the +13 scythe of Curses {drain, curses, Drain}
     0 | D        | Found the +9 sword of Power {lifebolt}
     0 | D        | Found the +7 mace of Variability {chaos, chaos arc}
     0 | D        | Found the +11 Singing Sword {sonic wave}
     0 | D        | Found the +8 storm bow {elec, penet}
     1 | D        | Found a transporter.
     1 | D        | Found a viscous altar of Jiyva.
     1 | D        | Found an ancient bone altar of Kikubaaqudgha.
     1 | D        | Found a hazy altar of Hepliaklqana.
     1 | D        | Found a corrupted altar of Lugonu.
     1 | D        | Found an opulent altar of Gozag.
     1 | D        | Found a burning altar of Makhleb.
     2 | D        | Found a sacrificial altar of Ru.
     2 | D        | Found a shimmering blue altar of Sif Muna.
     2 | D        | Found a stormy altar of Qazlal.
     2 | D        | Found a bloodstained altar of Trog.
     2 | D        | Found an iron altar of Okawaru.
     2 | D        | Found a sparkling altar of Nemelex Xobeh.
    62 | D        | Reached skill level 5 in Axes
    62 | D        | Reached skill level 6 in Shields
    62 | D        | Reached XP level 2. HP: 19/19 MP: 2/2
    89 | D        | Became a worshipper of Warmaster Okawaru
   102 | D        | Entered arena 2.
   102 | D        | Found a transporter.
   121 | D        | Entered arena 3.
   121 | D        | Noticed a black bear
   121 | D        | Noticed a wolf
   121 | D        | Noticed a black bear
   121 | D        | Found a transporter.
   127 | D        | Killed a wolf
   127 | D        | Reached * piety under Okawaru
   128 | D        | Reached skill level 6 in Axes
   128 | D        | Reached skill level 5 in Armour
   128 | D        | Reached skill level 8 in Shields
   128 | D        | Reached XP level 3. HP: 11/23 MP: 3/3
   128 | D        | Reached XP level 4. HP: 14/28 MP: 4/4
   129 | D        | Killed a black bear
   130 | D        | Reached skill level 7 in Axes
   130 | D        | Reached skill level 6 in Armour
   130 | D        | Reached XP level 5. HP: 16/32 MP: 5/5
   131 | D        | Killed a black bear
   132 | D        | Reached skill level 7 in Armour
   132 | D        | Reached skill level 9 in Shields
   132 | D        | Reached XP level 6. HP: 16/37 MP: 6/6
   212 | D        | You pick up a book of Flames and begin reading...
   212 | D        | You add the spells Inner Flame, Sticky Flame and Flame Wave
                  | to your library.
   216 | D        | Entered arena 4.
   216 | D        | Noticed a death scarab
   216 | D        | Found a transporter.
   223 | D        | HP: 1/37 [mummy (11)]
   232 | D        | Killed a death scarab
   232 | D        | Reached ** piety under Okawaru
   233 | D        | Reached skill level 9 in Axes
   233 | D        | Reached skill level 10 in Armour
   233 | D        | Reached skill level 11 in Shields
   233 | D        | Reached XP level 7. HP: 16/41 MP: 7/7
   233 | D        | Reached XP level 8. HP: 19/47 MP: 8/8
   239 | D        | You pick up a book of Touch and begin reading...
   239 | D        | You add the spells Kiss of Death, Confusing Touch and
                  | Dispel Undead to your library.
   328 | D        | Entered arena 5.
   328 | D        | Noticed a slime creature
   328 | D        | Found a transporter.
   332 | D        | Reached skill level 10 in Axes
   332 | D        | Reached skill level 12 in Shields
   335 | D        | Reached skill level 11 in Armour
   337 | D        | Killed a slime creature
   347 | D        | Entered arena 6.
   347 | D        | Noticed Sigmund
   347 | D        | Noticed Jessica
   347 | D        | Noticed Blork the orc
   347 | D        | Noticed Crazy Yiuf
   347 | D        | Noticed Dowan
   347 | D        | Found a transporter.
   350 | D        | Killed Crazy Yiuf
   352 | D        | Killed Blork the orc
   352 | D        | Killed Jessica
   353 | D        | Reached skill level 2 in Invocations
   356 | D        | Killed Dowan
   357 | D        | Killed Sigmund
   358 | D        | Reached skill level 3 in Invocations
   358 | D        | Reached XP level 9. HP: 51/51 MP: 6/11
   363 | D        | You pick up a book of Lightning and begin reading...
   363 | D        | You add the spells Vhi's Electric Charge, Arcjolt and
                  | Plasma Beam to your library.
   368 | D        | Entered arena 7.
   368 | D        | Noticed an ironbound convoker
   368 | D        | Noticed an ironbound preserver
   368 | D        | Noticed a vault guard
   368 | D        | Noticed a wizard
   368 | D        | Noticed a yaktaur captain
   368 | D        | Noticed an entropy weaver
   369 | D        | Found a transporter.
   372 | D        | Noticed a skeletal warrior
   372 | D        | Noticed Egecaduf the pandemonium lord
   372 | D        | Noticed a stone giant
   381 | D        | Killed an ironbound preserver
   381 | D        | Reached *** piety under Okawaru
   381 | D        | Reached **** piety under Okawaru
   382 | D        | Reached skill level 11 in Axes
   382 | D        | Reached skill level 12 in Armour
   382 | D        | Reached skill level 13 in Shields
   382 | D        | Reached skill level 7 in Invocations
   385 | D        | Slain by a skeletal warrior

Vanquished Creatures
  An ironbound preserver (D)
  A death scarab (D)
  A slime creature (D)
  Sigmund (D)
  A golden eye (D)
  A floating eye (D)
  2 black bears (D)
  A wolf (D)
  Blork the orc (D)
  Dowan (D)
  Crazy Yiuf (D)
  A jelly (D)
  Jessica (D)
  2 mummies (D)
  2 shadow imps (D)
  An adder zombie (D)
19 creatures vanquished.

Table legend:
 A = Non-vault XP
 B = Vault XP
 C = Vault XP percentage of total XP
 D = Non-vault monster count
 E = Vault monster count
 F = Vault count percentage of total count
                 A         B        C        D         E       F
            +---------+---------+-------+---------+---------+-------
      Total |       0 |    3442 | 100.0 |       0 |      19 | 100.0
            +---------+---------+-------+---------+---------+-------
          D |       0 |    3442 | 100.0 |       0 |      19 | 100.0
            +---------+---------+-------+---------+---------+-------

Skill      XL: |  1  2  3  4  5  6  7  8  9 |
---------------+----------------------------+-----
Axes           | 5 6 7 9 10 11 | 11.4
Shields        | 6 8 9 11 12 13 | 13.5
Armour         | 5 6 7 10 11 12 | 12.4
Invocations    | 3 7 |  7.0
Fighting       | |  3.6

Action                     |  1- 3 |  4- 6 |  7- 9 || total
---------------------------+-------+-------+-------++-------
  Melee: Broad axe         |     9 |    16 |       ||    25
         War axe           |       |       |    29 ||    29
 Invoke: Heroism           |       |     1 |     3 ||     4
    Use: Potion            |     1 |     1 |       ||     2
 Armour: Plate armour      |    28 |     7 |    17 ||    52
  Dodge: Dodged            |       |     1 |     5 ||     6
  Block: Kite shield       |    24 |    32 |    57 ||   113

Illustrated notes

Table legend:
 A = Kills in this place as a percentage of kills in the entire game.
 B = Kills by you in this place as a percentage of kills by you in the entire game.
 C = Kills by friends in this place as a percentage of kills by friends in the entire game.
 D = Other kills in this place as a percentage of other kills in the entire game.
 E = Experience gained in this place as a percentage of experience gained in the entire game.
 F = Experience gained in this place divided by the number of levels of this place that you have seen.
                   A       B       C       D       E      F
               +-------+-------+-------+-------+-------+----------------------
         Total | 100.0 | 100.0 |   N/A |   N/A | 100.0 | 3442.0
       Dungeon | 100.0 | 100.0 |   N/A |   N/A | 100.0 | 3442.0
               +-------+-------+-------+-------+-------+----------------------

Table legend: (Time is in decaauts)
 A = Elapsed time spent in this place.
 B = Non-inter-level travel time spent in this place.
 C = Inter-level travel time spent in this place.
 D = Time resting spent in this place.
 E = Time spent auto-exploring this place.
 F = Levels seen in this place.
 G = Mean time per level.
                   A        B        C        D        E       F      G
               +--------+--------+--------+--------+--------+-----+--------+
         Total |    387 |    387 |      0 |    158 |      0 |   1 |  387.0 |
       Dungeon |    387 |    387 |      0 |    158 |      0 |   1 |  387.0 |
               +--------+--------+--------+--------+--------+-----+--------+

Top non-repeatable levels by time:
       D: 387 daAuts
